 Dungeon Crawl Stone Soup version 0.24.0-123-gd5b16e6ec5 (webtiles) character file.

Game seed: 7709935580357318035, levelgen mode: deterministic

89 Johnny the Digger (level 4, -3/49 HPs)
             Began as a Demigod Earth Elementalist on Feb 10, 2020.
             Slain by a worker ant (4 damage)
             ... on level 4 of the Dungeon.
             The game lasted 00:01:17 (1709 turns).

Johnny the Digger (Demigod Earth Elementalist)      Turns: 1709, Time: 00:01:18

Health: -3/49      AC: 22    Str: 11    XL:     4   Next: 10%
Magic:  0/11       EV:  2    Int: 21    God:
Gold:   107        SH:  0    Dex: 16    Spells: 8/9 levels left

rFire    + . .     SeeInvis .   e - +0 spear
rCold    + . .     Gourm    .   (no shield)
rNeg     + + +     Faith    .   (armour currently unavailable)
rPois    +         Spirit   .   (helmet currently unavailable)
rElec    +         Reflect  .   (cloak currently unavailable)
rCorr    +         Harm     .   (gloves currently unavailable)
MR       .....     NoTele   +   (boots currently unavailable)
Stlth    ++........             (no amulet)
HPRegen  0.16/turn              (no ring)
MPRegen  0.12/turn              (no ring)

@: lethally poisoned (-3 -> -4), tree-form, resistant
A: high mp 1
a: no special abilities


You were on level 4 of the Dungeon.
You were hungry.
You were a tree.
You visited 1 branch of the dungeon, and saw 3 of its levels.

You collected 107 gold pieces.

Inventory:

Hand Weapons
 e - a +0 spear (weapon)
Missiles
 b - 83 stones (quivered)
Armour
 c - a +0 robe (melded)
Scrolls
 a - a scroll of teleportation {unknown}
 g - a scroll of enchant armour {unknown}
Potions
 h - a potion of lignification
Comestibles
 d - a ration


   Skills:
 - Level 1.7 Dodging
 - Level 1.7 Stealth
 + Level 3.0 Spellcasting
   Level 0.8 Transmutations
 + Level 3.8 Earth Magic


You had 8 spell levels left.
You knew the following spells:

 Your Spells              Type           Power        Failure   Level  Hunger
a - Sandblast             Erth           ###...       2%          1    None

Your spell library contained the following spells:

 Spells                   Type           Power        Failure   Level  Hunger
 Passwall                 Tmut/Erth      ##......     8%          2    ##.....
 Stone Arrow              Conj/Erth      ##....       19%         3    ###....
 Petrify                  Tmut/Erth      ##......     45%         4    ####...
 Lee's Rapid Deconstruct  Erth           ###.......   58%         5    ######.


Dungeon Overview and Level Annotations

Branches:
Dungeon (2/15)


Innate Abilities, Weirdness & Mutations

You have an increased reservoir of magic. (+10% MP)


Message History

The hound bites you but does no damage.
Attack whom?
Press: ? - help, Dir - move target cursor, f/p - hound
Aim: a hound (almost dead)
You hit the hound.
You kill the hound!
Your Spellcasting skill increases to level 3!
You have reached level 4!
* * * LOW HITPOINT WARNING * * *
You feel sick.
Your magical contamination has completely faded away.
Casting: Sandblast (safe; 2% risk of failure)
Confirm with . or Enter, or press ? or * to list all spells.
Aiming: Sandblast (safe; 2% risk of failure)
Press: ? - help, Shift-Dir - straight line, f - worker ant
Aim: a worker ant The blast of sand hits the worker ant but does no damage.
b - 83 stones The worker ant bites you.
You die...

#######
#######.....#######
..............♣aSZ##
............#####.Z#
.#######......# ##.#
.....#.....### ..#
.##.#....##.####
#.=S
................
..Z.
.......#.####.##
#(##?#
.......#.####.# .. Z
............# # #.#


You could see a worker ant, an adder and 2 centaur skeletons.

Vanquished Creatures
  A hound (D:4)
  A worker ant (D:4)
  A hound skeleton (D:4)
  2 leopard geckos
  2 ball pythons
  2 giant cockroaches (D:1)
  A goblin (D:1)
  4 hobgoblins (D:1)
  A quokka (D:4)
  3 bats (D:1)
  2 frilled lizards (D:1)
  A rat (D:1)
21 creatures vanquished.

Notes
Turn   | Place    | Note
-------+----------+-------------------------------------------
     0 | D:1      | Johnny the Demigod Earth Elementalist began the quest for
                  | the Orb.
     0 | D:1      | Reached XP level 1. HP: 14/14 MP: 5/5
   511 | D:1      | Reached XP level 2. HP: 17/20 MP: 5/7
  1337 | D:2      | You fall into a shaft and drop 2 floors!
  1576 | D:4      | Noticed a slave
  1577 | D:4      | Noticed a slave
  1577 | D:4      | Noticed a slave
  1601 | D:4      | Reached XP level 3. HP: 22/26 MP: 4/9
  1707 | D:4      | HP: 1/39 [hound (4)]
  1708 | D:4      | Reached XP level 4. HP: 2/33 MP: 1/11
  1709 | D:4      | Slain by a worker ant

Levels and vault maps discovered:
D:1:      dpeg_arrival_long_road, layout_basic
D:2:      layout_basic, minmay_tetromino_s2, uniq_terence
D:4:      layout_basic, old_standard_altar, uniq_menkaure, uniq_grinder,
          uniq_pikel, uniq_sigmund, uniq_edmund, uniq_eustachio

Skill      XL: |  1  2  3 |
---------------+----------+-----
Spellcasting   | 2 3 |  3.0
Earth Magic    | 3 |  3.8
Dodging        | |  1.7
Stealth        | |  1.7
Transmutations | |  0.8

Action                   |  1- 3 |  4- 6 || total
-------------------------+-------+-------++-------
Melee: Spear             |    70 |       ||    70
       Unarmed           |    11 |       ||    11
 Cast: Sandblast         |    26 |     1 ||    27
  Use: Potion            |     2 |       ||     2
 Stab: Sleeping          |     5 |       ||     5
  Eat: Chunk             |     2 |       ||     2
Armor: Robe              |    21 |       ||    21
       Skin              |    10 |       ||    10
Dodge: Dodged            |    65 |       ||    65
